[Event "Team 45 45 League T39"]
[Site "Internet Chess Club"]
[Date "2008.11.08"]
[Round "3"]
[White "rayngrant"]
[Black "foodfight"]
[Result "1-0"]
[WhiteElo "1576"]
[BlackElo "1523"]
[Opening "Sicilian: Kan, 5.Nc3"]
[ECO "B43"]
[Time "09:01:02"]
[TimeControl "2700+45"]

1. e4 c5 2. Nf3 e6 3. d4 cxd4 4. Nxd4 a6 5. Nc3 b5 6. Be2 Qc7 7. Be3 Nf6 8. Bg5
Be7 9. f4 d6 10. O-O Nbd7 11. Bf3 Bb7 12. Kh1 b4 13. e5 dxe5 14. Bxb7 Qxb7 15.
fxe5 Nxe5 16. Nce2 O-O 17. Qe1 Ng6 18. Ng3 Nd5 19. Bxe7 Ngxe7 20. Rd1 Rac8 21.
Qe2 Nc6 22. Nxe6 fxe6 23. Qxe6+ Kh8 24. Qxd5 Qa8 25. Qd6 Rcd8 26. Rxf8+ Rxf8 27.
Qc5 Qe8 28. Kg1 Ne5 29. Qxb4 Nf3+ 30. Kh1 Ng5 31. Qc5 Ne6 32. Qd6 Qf7 33. Qxa6
Nd4 34. Rxd4 {Black resigns} 1-0

[Event "Team 45 45 League T39"]
[Site "Internet Chess Club"]
[Date "2008.11.07"]
[Round "3"]
[White "Invicta-Knight"]
[Black "Rhel"]
[Result "0-1"]
[WhiteElo "1436"]
[BlackElo "1539"]
[Opening "Sicilian: Grand Prix attack"]
[ECO "B21"]
[Time "15:06:39"]
[TimeControl "2700+45"]

1. e4 c5 2. f4 g6 3. Nf3 Bg7 4. Nc3 Nc6 5. Bb5 Nd4 6. O-O e6 7. e5 a6 8. Be2 d5
9. d3 Ne7 10. Be3 Nxf3+ 11. Bxf3 d4 12. Na4 dxe3 13. Nxc5 Qd4 14. Nb3 Qxb2 15.
Qe2 Nf5 16. g4 Nd4 17. Qxe3 Nxf3+ 18. Qxf3 h5 19. g5 Rb8 20. Qf2 O-O 21. Rfb1
Qa3 22. Nc5 Qa5 23. Rb2 Rd8 24. Rab1 b5 25. Ne4 Bb7 26. Nc3 Qxc3 {White resigns}
0-1

[Event "Team 45 45 League T39"]
[Site "Internet Chess Club"]
[Date "2008.11.07"]
[Round "3"]
[White "upsan"]
[Black "AronT"]
[Result "1-0"]
[WhiteElo "1876"]
[BlackElo "1772"]
[Opening "Scotch game"]
[ECO "C45"]
[Time "21:01:22"]
[TimeControl "2700+45"]

1. e4 e5 2. Nf3 Nc6 3. d4 exd4 4. Nxd4 Bc5 5. Be3 Qf6 6. c3 Nge7 7. Bc4 Qg6 8.
Nxc6 Qxc6 9. Bxf7+ Kxf7 10. Qh5+ Kf8 11. Qxc5 Qxe4 12. O-O Qc6 13. Qg5 Qg6 14.
Qf4+ Ke8 15. Qxc7 d6 16. Bf4 Rf8 17. Re1 Be6 18. Bxd6 Rf7 19. Qxb7 Rd8 20. Bc5
Rd7 21. Qb8+ Rd8 22. Qg3 Qh5 23. Bxa7 Rf6 24. Qe3 Rd5 25. Nd2 Rh6 26. Nf1 Rg5
27. Rad1 Rxg2+ 28. Kxg2 Rg6+ 29. Ng3 Qh3+ 30. Kh1 Rh6 31. Nf1 Qg4 32. Qg3 Qf5
33. Ne3 Qb5 34. Qb8+ {Black resigns} 1-0

[Event "Team 45 45 League T39"]
[Site "Internet Chess Club"]
[Date "2008.11.08"]
[Round "3"]
[White "Thersites"]
[Black "PersonX"]
[Result "1-0"]
[WhiteElo "1726"]
[BlackElo "1600"]
[Opening "French: Tarrasch, closed variation"]
[ECO "C05"]
[Time "21:19:48"]
[TimeControl "2700+45"]

1. e4 e6 2. d4 d5 3. Nd2 Nf6 4. e5 Nfd7 5. Bd3 c5 6. c3 Nc6 7. Ne2 Qb6 8. Nf3
cxd4 9. cxd4 Bb4+ 10. Bd2 Bxd2+ 11. Qxd2 Nb4 12. Bb1 Nc6 13. O-O O-O 14. Nf4 Re8
15. g4 Nf8 16. Nh5 Ng6 17. Nf6+ gxf6 18. exf6 Kh8 19. Qh6 Rg8 20. Ng5 Nf8 21.
Nxf7# {Black checkmated} 1-0

[Event "Team 45 45 League T39"]
[Site "Internet Chess Club"]
[Date "2008.11.08"]
[Round "3"]
[White "ChessChamp"]
[Black "gtm"]
[Result "1-0"]
[WhiteElo "1690"]
[BlackElo "1655"]
[Opening "French: Steinitz, Boleslavsky variation"]
[ECO "C11"]
[Time "22:04:54"]
[TimeControl "2700+45"]

1. e4 e6 2. d4 d5 3. Nc3 Nf6 4. e5 Nfd7 5. f4 c5 6. Nf3 Nc6 7. Be3 cxd4 8. Nxd4
Bc5 9. Be2 Qb6 10. Na4 Qb4+ 11. c3 Qa5 12. Nxc5 Qxc5 13. Nf5 Qf8 14. Nd6+ Kd8
15. O-O Qe7 16. Bb5 a6 17. Qa4 Kc7 18. Bxc6 bxc6 19. Qa5+ Kb8 20. Rad1 c5 21. b4
c4 22. Rb1 Qd8 23. Qa3 Rf8 24. b5 a5 25. b6 Bb7 26. Rb5 a4 27. Rfb1 f6 28. R5b4
fxe5 29. Rxa4 Rxa4 30. Qxa4 Nxb6 31. Rxb6 d4 32. Rxb7# {Black checkmated} 1-0